 Dungeon Crawl Stone Soup version 0.27.0-1-g7a089689b8 (webtiles) character file.

Game seed: 1078765208328292115

0 mandarbmax the Caller (level 1, 0/14 HPs)
             Began as a Minotaur Summoner on July 31, 2021.
             Slain by a hobgoblin (1 damage)
             ... on level 1 of the Dungeon.
             The game lasted 00:00:11 (52 turns).

mandarbmax the Caller (Minotaur Summoner)             Turns: 52, Time: 00:00:12

Health: 0/14       AC:  2    Str: 12    XL:     1   Next: 8%
Magic:  1/1        EV:  9    Int: 12    God:
Gold:   31         SH:  0    Dex: 10    Spells: 1/2 levels left

rFire    . . .     SeeInvis .   b - +0 mace
rCold    . . .     Faith    .   (no shield)
rNeg     . . .     Spirit   .   a - +0 robe
rPois    .         Reflect  .   (helmet restricted)
rElec    .         Harm     .   (no cloak)
rCorr    .         Rampage  .   (no gloves)
Will     .....                  (no boots)
Stlth    ++........             (no amulet)
HPRegen  0.04/turn              (no ring)
MPRegen  0.07/turn              (no ring)

@: constricted
A: horns 2, retaliatory headbutt
a: no special abilities


You were on level 1 of the Dungeon.
You visited 1 branch of the dungeon, and saw 1 of its levels.

You collected 31 gold pieces.

Inventory:

Hand Weapons
 b - a +0 mace (weapon)
Armour
 a - a +0 robe (worn)


   Skills:
 + Level 0.1 Fighting
 + Level 2.2 Dodging
 - Level 1.5 Stealth
 - Level 1.3 Spellcasting
 - Level 2.9 Summonings


You had one spell level left.
You knew the following spells:

 Your Spells              Type           Power      Damage    Failure   Level
a - Summon Small Mammal   Summ           28%        N/A       9%          1

Your spell library contained the following spells:

 Spells                   Type           Power      Damage    Failure   Level
 Call Imp                 Summ           7%         N/A       13%         2
 Call Canine Familiar     Summ           7%         N/A       26%         3
 Summon Guardian Golem    Hex/Summ       4%         N/A       43%         3
 Summon Lightning Spire   Summ/Air       4%         N/A       83%         4


Dungeon Overview and Level Annotations

Branches:
Dungeon (1/15)

Altars:


Innate Abilities, Weirdness & Mutations

You have a pair of horns on your head.
You reflexively headbutt those who attack you in melee.


Message History

Found 12 gold pieces.
The kobold shouts!
The hobgoblin shouts!
You hear an angry hiss.
The hobgoblin shouts!
You hear a shout!
The kobold hits you with a +0 short sword.
You hit the kobold.
The kobold is moderately wounded.
The kobold closely misses you.
You closely miss the kobold. Your headbutt misses the kobold.
The kobold is moderately wounded.
A hobgoblin comes into view.
The kobold misses you. x2; You furiously retaliate!
You headbutt the kobold.
You kill the kobold!
The hobgoblin hits you but does no damage.
You closely miss the hobgoblin. You headbutt the hobgoblin.
The hobgoblin is moderately wounded.
The hobgoblin barely misses you.
The ball python bites you but does no damage.
The ball python barely misses you. The giant cockroach barely misses you.
You closely miss the hobgoblin.
The hobgoblin is moderately wounded.
The giant cockroach bites you. The ball python bites you.
The ball python closely misses you.
The hobgoblin hits you but does no damage.
The hobgoblin closely misses you.
You closely miss the hobgoblin.
The hobgoblin is moderately wounded.
The ball python bites you. The ball python closely misses you.
The giant cockroach completely misses you.
The hobgoblin hits you.
The hobgoblin hits you but does no damage.
The giant cockroach closely misses you. The ball python barely misses you.
The ball python grabs you. The ball python constricts you.
The hobgoblin hits you.
* * * LOW HITPOINT WARNING * * *
You closely miss the hobgoblin. Your headbutt misses the hobgoblin.
The hobgoblin is moderately wounded.
The giant cockroach barely misses you. The ball python closely misses you.
* * * LOW HITPOINT WARNING * * *
The ball python constricts you. The hobgoblin hits you.
You die...

.... ... .... .... ..
..#. ...# ..### ....
..###.....
##..##......$..
##...$#.........
....#....).....# .
......gSB....... .
...#.#@###############.
#.gg#.#.#.#.#.#.#.#.
#.##........(......#
[..#......#..........
...# ##.......#.......#
###. #.....#....#......
# ##...........#...#
#....#.#.#.#...#..
##...............#


You could see a giant cockroach, 3 hobgoblins and a ball python.

Vanquished Creatures
  A kobold (D:1)
1 creature vanquished.

Notes
Turn   | Place    | Note
-------+----------+-------------------------------------------
     0 | D:1      | mandarbmax the Minotaur Summoner began the quest for the
                  | Orb.
     0 | D:1      | Reached XP level 1. HP: 14/14 MP: 1/1
    52 | D:1      | Slain by a hobgoblin

Illustrated notes

Levels and vault maps discovered:
D:1:      co_arrival_square_in_a_square_in_a_square, layout_rooms

Action                   || total
-------------------------++-------
Melee: Mace              ||     6
       Headbutt          ||     1
Armor: Robe              ||     4
Dodge: Dodged            ||    14
